 Dungeon Crawl Stone Soup version 0.24-a0-537-g2d01d4ab0a (webtiles) character file.

Game seed: 11336446059966434099

10 Mithandil the Conjurer (level 2, 0/16 HPs)
             Began as a Tengu Conjurer on Aug 16, 2019.
             Slain by a worm (2 damage)
             ... on level 1 of the Dungeon.
             The game lasted 00:03:33 (430 turns).

Mithandil the Conjurer (Tengu Conjurer)              Turns: 430, Time: 00:03:33

Health: 0/16       AC:  2    Str:  8    XL:     2   Next: 20%
Magic:  0/6        EV: 13    Int: 15    God:
Gold:   68         SH:  0    Dex: 14    Spells: 2/5 levels left

rFire    . . .     SeeInvis .   (no weapon)
rCold    . . .     Gourm    .   (no shield)
rNeg     . . .     Faith    .   a - +0 robe
rPois    .         Spirit   .   (helmet restricted)
rElec    .         Reflect  .   (no cloak)
rCorr    .         Harm     .   (no gloves)
MR       .....                  (boots unavailable)
Stlth    ++........             (no amulet)
HPRegen  0.05/turn              (no ring)
MPRegen  0.10/turn              (no ring)

@: very slightly contaminated
A: beak, talons 3
a: no special abilities


You were on level 1 of the Dungeon.
You were not hungry.

You visited 1 branch of the dungeon, and saw 2 of its levels.

You collected 68 gold pieces.

Inventory:

Missiles
 d - 3 stones (quivered)
Armour
 a - a +0 robe (worn)
Comestibles
 c - 2 rations


   Skills:
 + Level 0.4 Fighting
 + Level 2.3 Dodging
 + Level 2.1 Stealth
 * Level 2.2 Spellcasting
 * Level 5.5 Conjurations


You had 2 spell levels left.
You knew the following spells:

 Your Spells              Type           Power        Failure   Level  Hunger
a - Magic Dart            Conj           ###.         2%          1    #......
b - Searing Ray           Conj           ###...       3%          2    ###....

Your spell library contained the following spells:

 Spells                   Type           Power        Failure   Level  Hunger
 Dazzling Spray           Conj/Hex       #.....       22%         3    ###....
 Iskenderun's Mystic Bla  Conj           ###.....     22%         4    #####..
 Force Lance              Conj/Tloc      #.......     56%         4    #####..
 Fulminant Prism          Conj/Hex       #.........   56%         4    #####..


Dungeon Overview and Level Annotations

Branches:
Dungeon (2/15)

Altars:


Innate Abilities, Weirdness & Mutations

You have a beak for a mouth.
You have claws for feet.


Message History

You climb upwards.
There is a stone staircase leading down here.
The worm bites you!
Ouch! That really hurt!
* * * LOW HITPOINT WARNING * * *
You climb downwards.
There is a stone staircase leading up, spattered with blood here.
You climb upwards.
There is a stone staircase leading down, spattered with blood here.
You can't go up here!
Casting: Magic Dart (safe; 2% risk of failure)
Confirm with . or Enter, or press ? or * to list all spells.
Aiming: Magic Dart (safe; 2% risk of failure)
Press: ? - help, Shift-Dir - straight line, f - worm
Aim: a worm (heavily wounded)
The magic dart hits the worm.
The worm is heavily wounded.
The worm bites you but does no damage. The worm bites you.
You die...

...............# #.#********,
...............## *..,,,,,,,,,
...........###..# ***#*******,
...........'.#..## *,
...........#.#...######*********,
######'#.###.#.........,,,,,,,,,,
#.#.# #.##..#####***********
*****#.#.# #.##w.####****,,,,*
,,,,,..#.# #.##.@...#*,,,,**,*
*****###.#*#.######.#*,*****,**
,,,,,,,...,...,,,,,,.#,**,,,,,*
*******###*###****,,*#,**,*******
* *,,,,,**,**,,,,, *
**,*****,**,***, * *,* *,,,,* *,
* *,************, *
*,,,,,,,,,,,,,,


You could see a worm.

Vanquished Creatures
  An ooze (D:1)
  A goblin (D:1)
  A hobgoblin (D:1)
  2 kobolds
  A rat (D:1)
6 creatures vanquished.

Notes
Turn   | Place    | Note
-------+----------+-------------------------------------------
     0 | D:1      | Mithandil the Tengu Conjurer began the quest for the Orb.
     0 | D:1      | Reached XP level 1. HP: 10/10 MP: 4/4
   152 | D:1      | Reached XP level 2. HP: 12/16 MP: 0/6
   156 | D:1      | Learned a level 2 spell: Searing Ray
   430 | D:1      | Slain by a worm

Levels and vault maps discovered:
D:1:      doesnt_arrival_eight_statues, layout_basic
D:2:      layout_loops_ring, nicolae_overflow_hidden_temple, first_ration,
          elyvilon_altar_3

Action                   || total
-------------------------++-------
Melee: Unarmed           ||     4
       Kick              ||     1
       Peck              ||     1
 Cast: Magic Dart        ||    15
       Searing Ray       ||     1
  Use: Scroll            ||     4
Armor: Robe              ||     2
Dodge: Dodged            ||     9

Table legend:
 A = Non-vault XP
 B = Vault XP
 C = Vault XP percentage of total XP
 D = Non-vault monster count
 E = Vault monster count
 F = Vault count percentage of total count
                 A         B        C        D         E       F
            +---------+---------+-------+---------+---------+-------
      Total |      15 |       0 |   0.0 |       6 |       0 |   0.0
            +---------+---------+-------+---------+---------+-------
        D:1 |      14 |       0 |   0.0 |       5 |       0 |   0.0
        D:2 |       1 |       0 |   0.0 |       1 |       0 |   0.0
            +---------+---------+-------+---------+---------+-------
